 Dungeon Crawl Stone Soup version 0.31-a0-691-g409c26aa35 (console) character file.

Game seed: 1835428444884038324

328634 jejorda2 the Spry (level 21, 0/171 HPs)
             Began as a Gnoll Berserker on Sept 4, 2023.
             Was an Elder of Trog.
             Killed from afar by a Brimstone Fiend (37 damage)
             ... with damnation
             ... summoned by a deep elf demonologist
             ... on level 1 of the Elven Halls on Sept 6, 2023.
             The game lasted 03:14:34 (54173 turns).

jejorda2 the Spry (Gnoll Berserker)                Turns: 54173, Time: 03:14:35

Health: 0/171      AC: 34    Str: 28    XL:     21   Next: 70%
Magic:  32/39      EV: 18    Int:  7    God:    Trog [****..]
Gold:   2351       SH: 14    Dex: 12    Spells: 49/49 levels left

rFire   . . .        b - +6 shillelagh "Devastator" {shatter}
rCold   + . .        T - +1 kite shield {reflect}
rNeg    . . .        D - +4 plate armour {rPois}
rPois   +            l - +2 helmet
rElec   .            X - +2 cloak {rCorr}
rCorr   +            t - +2 pair of gloves {Str+3}
SInv    .            Q - +2 pair of slick slippers {slick, slippery, EV+4}
Will    ++...        I - amulet of faith
Stlth   +            K - ring of protection from cold
HPRegen 0.48/turn    e - ring of willpower
MPRegen 0.26/turn

%: reflection, faith
@: on berserk cooldown, slowed, studying 2 skills, very slow
A: fangs 1, strong nose, distributed training, dopey 1
}: 2/15 runes: serpentine, barnacled
a: Renounce Religion, Berserk, Trog's Hand, Brothers in Arms


You were on level 1 of the Elven Halls.
You worshipped Trog.
Trog was greatly pleased with you.
You visited 7 branches of the dungeon, and saw 35 of its levels.
You also visited: Trove, Ossuary, Gauntlet and Ice Cave.

You collected 4893 gold pieces.
You spent 2542 gold pieces at shops.

Inventory:

Hand Weapons
 a - a +9 demon whip of freezing
 b - the +6 shillelagh "Devastator" (weapon) {shatter}
   (You found it on level 10 of the Dungeon)
 w - a +3 broad axe of electrocution
Missiles
 v - 3 curare-tipped darts
 B - 7 javelins
 C - 6 throwing nets
 G - 28 boomerangs (quivered)
 O - 5 atropa-tipped darts
 Y - 6 silver javelins
Armour
 l - a +2 helmet (worn)
 t - a +2 pair of gloves of strength (worn)
 D - a +4 plate armour of poison resistance (worn)
 Q - the +2 pair of slick slippers (worn) {slick, slippery, EV+4}
   (You acquired it on level 3 of the Shoals)

   Slick:     Its wearer cannot be constricted, engulfed, netted or webbed.
   Slippery:  Its wearer slips away from damaging melee attacks, pulling the
   attacker onward.
   EV+4:      It affects your evasion (+4).
 T - a +1 kite shield of reflection (worn)
 X - a +2 cloak of preservation (worn)
Jewellery
 e - a ring of willpower (right hand)
 g - a ring of see invisible
 j - a ring of flight
 I - an amulet of faith (around neck)
 K - a ring of protection from cold (left hand)
 R - a ring of fire
Wands
 x - a wand of flame (38)
 y - a wand of polymorph (5)
 E - a wand of acid (12)
 H - a wand of roots (26)
 V - a wand of mindburst (63)
 Z - a wand of digging (7)
Scrolls
 f - 3 scrolls of revelation
 p - 5 scrolls of immolation
 r - 5 scrolls of poison
 s - 14 scrolls of teleportation
 z - 5 scrolls of fog
 A - 4 scrolls of butterflies
 F - 2 scrolls of blinking
 L - 3 scrolls of fear
 P - 3 scrolls of silence
Potions
 h - 3 potions of attraction
 i - 8 potions of haste
 k - 2 potions of might
 m - 15 potions of curing
 n - 5 potions of heal wounds
 u - 3 potions of cancellation
 J - 2 potions of ambrosia
 M - 7 potions of mutation
 S - 2 potions of invisibility
 U - 2 potions of resistance
 W - 7 potions of enlightenment
Miscellaneous
 c - a condenser vane
 d - a sack of spiders
 q - a phial of floods


   Skills:
 + Level 16.0 Fighting
 + Level 14.8 Short Blades
 + Level 14.8 Long Blades
 + Level 16.0 Axes
 + Level 17.2 Maces & Flails
 + Level 14.8 Polearms
 + Level 14.8 Staves
 + Level 14.8 Ranged Weapons
 + Level 14.8 Throwing
 + Level 15.4 Armour
 + Level 17.3 Dodging
 + Level 14.8 Stealth
 + Level 14.8 Shields
 + Level 14.8 Unarmed Combat
 + Level 14.8 Spellcasting
 + Level 12.6 Conjurations
 + Level 12.6 Hexes
 + Level 12.6 Summonings
 + Level 12.6 Necromancy
 + Level 12.6 Translocations
 + Level 12.6 Transmutations
 + Level 12.6 Fire Magic
 + Level 12.6 Ice Magic
 + Level 12.6 Air Magic
 + Level 12.6 Earth Magic
 + Level 12.6 Poison Magic
 + Level 16.0 Invocations
 + Level 14.8 Evocations
 + Level 13.6 Shapeshifting


You had 49 spell levels left.
You didn't know any spells.
Your spell library was empty.

Dungeon Overview and Level Annotations

Branches:
Dungeon (15/15)            Temple (0/1) D:6            Lair (5/5) D:9
 Shoals (4/4) Lair:3        Snake (4/4) Lair:2        Slime (0/5) Lair:4
    Orc (2/2) D:9             Elf (1/3) Orc:2        Vaults (4/5) D:14
  Crypt (0/3) Vaults:3     Depths (0/4) D:15        Ossuary (visited)
  IceCv (visited)         Gauntlet (visited)

Altars:
Fedhas
Hepliaklqana
Nemelex Xobeh
Xom
The Shining One
Jiyva

Shops:
D:6 *?!(*   D:11 ?   D:14 !   Orc:2 ?*[!   Shoals:4 (   Snake:3 *?

Annotations:
Vaults:1 3 runed translucent doors, Yptir's ghost, adept AtFE
Vaults:4 2 transporters, RepHenryClay's ghost, adept GnBr


Innate Abilities, Weirdness & Mutations

You have very sharp teeth.
Your uncanny sense of smell can sniff out nearby items.
Your experience applies equally to all skills.
You are dopey. (Int -2)


Message History

The Brimstone Fiend hits you but does no damage.
You sock the Hell Sentinel!
There is a shattering impact!
The Hell Sentinel is moderately wounded.
The Brimstone Fiend is moderately wounded.
The deep elf demonologist is severely wounded.
The deep elf zephyrmancer is heavily wounded.
The Hell Sentinel is moderately wounded.
You block the Hell Sentinel's attack. The Hell Sentinel hits you!
You slip backwards!
Unknown command.
Unknown command.
You hit the Hell Sentinel.
The Hell Sentinel and the Brimstone Fiend shudder.
The Brimstone Fiend is heavily wounded.
The Hell Sentinel is moderately wounded.
The deep elf zephyrmancer gestures wildly while chanting.
The deep elf zephyrmancer blinks!
The Hell Sentinel gestures at you.
The sphere of damnation explodes!
The damnation engulfs you!!
* * * LOW HITPOINT WARNING * * *
The damnation engulfs the Brimstone Fiend.
The Brimstone Fiend completely resists.
The damnation engulfs the Hell Sentinel.
The Hell Sentinel completely resists.
The Brimstone Fiend hits you.
* * * LOW HITPOINT WARNING * * *
You block the Brimstone Fiend's attack. The Brimstone Fiend misses you.
You hear a shout!
Unknown command.
Unknown command.
Unknown command.
Press: ? - help, v - describe, . - travel
Here: a deep elf demonologist, wielding a +2 long sword of flaming (severely wounded)
The floor.
Unknown command.
You feel much better. The Hell Sentinel hits you!
* * * LOW HITPOINT WARNING * * *
The Hell Sentinel hits you but does no damage.
The Brimstone Fiend gestures at you.
The sphere of damnation explodes!
The damnation engulfs you!!!
You die...

#.## ##.##
#.# .##
##.###.# ##
##.##.# #
##'#'## # ∆
##...##
#######
#...).#
'.....+
+.....#
####### ####
#.....# #
##.@###))..##
#
#..11#.)##+#
#..##e)§)#
#..#
##..).....#
#...
#..##..#.#
.... ..##
#.... ...
...# ...# ..#
.##.. ... .#
[#. ..


You could see a Hell Sentinel (summoned), a Brimstone Fiend (summoned) and a
deep elf demonologist.

Vanquished Creatures
  Mara (Shoals:3)
  Margery (Vaults:2)
  Norris (Vaults:1)
  Jorgrun (Shoals:1)
  Mlioglotl (Shoals:2)
  A kraken (Shoals:4)
  Polyphemus (Shoals:2)
  3 sphinxes
  Kirke (Shoals:1)
  A shadow dragon (Vaults:3)
  Aizul (Shoals:4)
  Roxanne (Shoals:4)
  Donald (Snake:3)
  3 nagarajas
  A deep elf sorcerer (Vaults:3)
  11 vault wardens
  2 orc warlords
  13 ironbound preservers
  A quicksilver ooze (shapeshifter) (Vaults:4)
  3 formless jellyfish
  A stone giant (D:15)
  9 dire elephants
  4 ironbound thunderhulks
  A minotaur (Gauntlet)
  A blizzard demon (Gauntlet)
  7 merfolk impalers
  3 merfolk javelineers (Shoals:4)
  6 yaktaur captains
  2 great orbs of eyes (Vaults:2)
  An entropy weaver (Vaults:3)
  2 fire dragons
  2 hydras
  2 salamander tyrants (Snake:4)
  Harold (Lair:1)
  A hell beast (Gauntlet)
  A peacekeeper (Vaults:1)
  17 vault guards
  8 ironbound frosthearts
  2 ogre magi (Orc:2)
  5 merfolk aquamancers
  4 merfolk avatars
  2 alligators (Snake:1)
  3 alligator snapping turtles
  15 anacondas
  2 satyrs (Shoals:4)
  3 catoblepae
  10 two-headed ogres
  8 centaur warriors
  A tengu warrior (D:14)
  10 boulder beetles
  10 death yaks
  11 naga sharpshooters
  3 dancing weapons (Elf:1)
  11 naga warriors
  5 hell knights
  An orc high priest (Orc:1)
  7 shock serpents
  A deep elf knight (Elf:1)
  6 skysharks
  A fire crab (Lair:3)
  Amaemon (Lair:1)
  4 goliath frogs (Snake:1)
  3 salamander mystics
  3 skeletal warriors
  13 sea snakes
  45 deep trolls
  A swamp dragon (Lair:5)
  A glowing orange brain (Vaults:2)
  A naga ritualist (Snake:4)
  4 deep elf archers (Elf:1)
  Pikel (D:4)
  18 deep elf pyromancers
  9 orc knights
  8 wizards
  14 ironbound convokers
  17 harpies
  8 deep elf zephyrmancers (Elf:1)
  A golden dragon skeleton (Vaults:2)
  8 lindwurms
  A lindwurm (shapeshifter) (Elf:1)
  5 necromancers
  37 ugly things
  12 mana vipers
  A cyclops (shapeshifter) (D:14)
  An orc sorcerer (Orc:1)
  A sphinx simulacrum (Vaults:2)
  14 salamanders
  14 manticores
  9 fauns
  7 cyclopes
  21 elephants
  12 merfolk sirens
  23 black mambas
  4 ice statues
  5 guardian serpents
  6 water nymphs
  19 vault sentinels
  8 cane toads
  A cane toad (shapeshifter) (D:13)
  25 naga magi
  3 torpor snails
  A smoke demon (Gauntlet)
  6 rime drakes
  An unseen horror (D:11)
  An orange demon (Lair:1)
  2 freezing wraiths
  10 komodo dragons
  2 efreet
  29 yaktaurs
  2 tengu conjurers (D:14)
  5 meliai
  A red devil (Gauntlet)
  22 merfolk
  12 trolls
  A hornet (D:10)
  5 polar bears
  22 blink frogs
  12 wind drakes
  7 dream sheep (Lair:5)
  33 slime creatures
  10 snapping turtles
  An air elemental (Elf:1)
  A wraith (D:10)
  17 water elementals
  A shadow (D:11)
  8 wyverns
  An elf simulacrum (Vaults:4)
  A hog (Shoals:1)
  A vampire (D:8)
  6 basilisks
  43 yaks
  A fire elemental (Elf:1)
  4 steam dragons
  A redback (Vaults:3)
  2 death yak simulacra (IceCv)
  2 harpy simulacra (IceCv)
  An acid dragon (Lair:5)
  39 nagas
  10 water moccasins
  3 wargs
  Edmund (D:6)
  2 hell hounds (Gauntlet)
  2 swamp drakes
  11 ice beasts
  4 black bears
  19 ogres
  13 orc warriors
  3 wolves (Lair:5)
  10 centaurs
  2 lemures (D:4)
  4 kobold brigands
  16 bullfrogs
  A gnoll sergeant (D:12)
  2 earth elementals (Elf:1)
  10 scorpions
  An ogre simulacrum (Vaults:2)
  A cane toad simulacrum (IceCv)
  A glowing shapeshifter simulacrum (Vaults:4)
  7 wights (D:8)
  18 killer bees
  9 howler monkeys
  4 electric eels
  3 centaur zombies (Ossuary)
  3 crimson imps (Gauntlet)
  A human zombie (Ossuary)
  Crazy Yiuf (D:4)
  A gnoll bouda (D:5)
  A hound (D:7)
  11 orc priests
  A sleepcap (D:5)
  7 iguanas
  4 scorpion zombies (Ossuary)
  15 orc wizards
  2 polar bear simulacra (IceCv)
  2 wolf simulacra (IceCv)
  4 mummies
  6 adders
  11 gnolls
  4 white imps
  An ufetubus (D:4)
  2 worms
  2 dart slugs
  63 orcs
  4 ball pythons
  4 endoplasms
  6 giant cockroaches
  A gnoll zombie (Ossuary)
  3 goblins
  6 hobgoblins
  6 jackals (D:1)
  3 quokkas (D:1)
  8 bats
  3 frilled lizards
  3 goblin zombies (Ossuary)
  4 hobgoblin zombies
  26 kobolds
  2 kobold zombies
  2 orc zombies (Ossuary)
  A quokka zombie (D:7)
  6 rats
  A rat zombie (D:7)
  A spectral kobold (D:15)
1331 creatures vanquished.

Vanquished Creatures (collateral kills)
  Vashnia (Snake:4)
  2 nagarajas (Snake:4)
  A vault warden (Vaults:2)
  A dire elephant (Vaults:2)
  A hydra (Snake:1)
  An anaconda (Snake:4)
  An alligator (Snake:1)
  A naga warrior (Snake:4)
  A deep troll (Vaults:2)
  A goliath frog (Snake:1)
  A naga ritualist (Snake:1)
  A meliai (D:13)
  A snapping turtle (Snake:1)
  2 hogs (Shoals:1)
16 creatures vanquished.

Vanquished Creatures (others)
  A salamander mystic (Snake:4)
  A steam dragon (Lair:5)
  A naga (Snake:4)
  4 tentacles (Shoals:4)
7 creatures vanquished.

Grand Total: 1354 creatures vanquished

Notes
Turn   | Place    | Note
-------+----------+-------------------------------------------
     0 | D:1      | jejorda2 the Gnoll Berserker began the quest for the Orb.
     0 | D:1      | Reached XP level 1. HP: 23/23 MP: 1/1
    76 | D:1      | Reached XP level 2. HP: 8/29 MP: 2/2
   404 | D:1      | Reached XP level 3. HP: 35/35 MP: 3/3
   493 | D:1      | Found a faded altar of an unknown god.
   814 | D:2      | Reached skill level 1 in Invocations
   891 | D:2      | Reached ** piety under Trog
  1021 | D:2      | Reached skill level 1 in Short Blades
  1021 | D:2      | Reached skill level 1 in Long Blades
  1021 | D:2      | Reached skill level 1 in Maces & Flails
  1021 | D:2      | Reached skill level 1 in Polearms
  1021 | D:2      | Reached skill level 1 in Staves
  1021 | D:2      | Reached skill level 1 in Ranged Weapons
  1021 | D:2      | Reached skill level 1 in Throwing
  1021 | D:2      | Reached skill level 1 in Stealth
  1021 | D:2      | Reached skill level 1 in Shields
  1021 | D:2      | Reached skill level 1 in Unarmed Combat
  1021 | D:2      | Reached skill level 1 in Spellcasting
  1021 | D:2      | Reached skill level 1 in Evocations
  1527 | D:3      | Reached XP level 4. HP: 34/41 MP: 5/5
  1578 | D:3      | Reached skill level 1 in Shapeshifting
  1687 | D:3      | Reached skill level 1 in Conjurations
  1687 | D:3      | Reached skill level 1 in Hexes
  1687 | D:3      | Reached skill level 1 in Summonings
  1687 | D:3      | Reached skill level 1 in Necromancy
  1687 | D:3      | Reached skill level 1 in Translocations
  1687 | D:3      | Reached skill level 1 in Transmutations
  1687 | D:3      | Reached skill level 1 in Fire Magic
  1687 | D:3      | Reached skill level 1 in Ice Magic
  1687 | D:3      | Reached skill level 1 in Air Magic
  1687 | D:3      | Reached skill level 1 in Earth Magic
  1687 | D:3      | Reached skill level 1 in Poison Magic
  1920 | D:4      | Noticed a steam dragon
  1926 | D:4      | Killed a steam dragon
  1927 | D:4      | Reached XP level 5. HP: 47/47 MP: 5/7
  1927 | D:4      | Reached XP level 6. HP: 53/53 MP: 5/8
  2031 | D:4      | Reached skill level 5 in Armour
  2031 | D:4      | Reached skill level 5 in Dodging
  2316 | D:4      | Noticed Pikel
  2324 | D:4      | Killed Pikel
  2325 | D:4      | Reached XP level 7. HP: 60/60 MP: 9/11
  2462 | D:4      | Found a runed translucent door.
  2463 | D:4      | Noticed Crazy Yiuf
  2472 | D:4      | Killed Crazy Yiuf
  2683 | D:5      | Entered Level 5 of the Dungeon
  2772 | D:5      | Reached XP level 8. HP: 67/67 MP: 12/12
  3511 | D:6      | Noticed Edmund
  3511 | D:6      | Found Loisuloi's Weapon Emporium.
  3517 | D:6      | Killed Edmund
  3604 | D:6      | Reached XP level 9. HP: 56/73 MP: 14/14
  3604 | D:6      | Found Duaskas's Magic Scroll Boutique.
  3604 | D:6      | Noticed a troll
  3733 | D:6      | Found Gunuseof's Distillery.
  3822 | D:6      | Found Seosar's General Store.
  3831 | D:6      | Bought a scroll of teleportation for 39 gold pieces
  3841 | D:6      | Killed a troll
  3864 | D:6      | Bought a scroll of revelation for 90 gold pieces
  3864 | D:6      | Bought a scroll of butterflies for 48 gold pieces
  3888 | D:6      | Reached *** piety under Trog
  3931 | D:6      | Found a staircase to the Ecumenical Temple.
  4120 | D:6      | Found Howini Uneo's General Store.
  4203 | D:6      | Bought a potion of heal wounds for 60 gold pieces
  4462 | D:7      | Found a sand-covered staircase.
  4474 | Ossuary  | Entered an ossuary
  4487 | Ossuary  | Reached skill level 5 in Invocations
  4701 | Ossuary  | Reached XP level 10. HP: 73/80 MP: 17/17
  4888 | D:7      | Reached skill level 5 in Short Blades
  4888 | D:7      | Reached skill level 5 in Long Blades
  4888 | D:7      | Reached skill level 5 in Maces & Flails
  4888 | D:7      | Reached skill level 5 in Polearms
  4888 | D:7      | Reached skill level 5 in Staves
  4888 | D:7      | Reached skill level 5 in Ranged Weapons
  4888 | D:7      | Reached skill level 5 in Throwing
  4888 | D:7      | Reached skill level 5 in Stealth
  4888 | D:7      | Reached skill level 5 in Shields
  4888 | D:7      | Reached skill level 5 in Unarmed Combat
  4888 | D:7      | Reached skill level 5 in Spellcasting
  4888 | D:7      | Reached skill level 5 in Evocations
  5480 | D:7      | Found a blossoming altar of Fedhas.
  5489 | D:7      | Found a shimmering altar of Xom.
  5605 | D:7      | You fall into a shaft and drop 3 floors!
  5605 | D:10     | Entered Level 10 of the Dungeon
  6224 | D:10     | Reached skill level 5 in Shapeshifting
  6856 | D:10     | Found the +6 shillelagh "Devastator" {shatter}
  6872 | D:10     | Reached XP level 11. HP: 87/87 MP: 19/19
  7165 | D:7      | Found a sparkling altar of Nemelex Xobeh.
  7451 | D:8      | Reached skill level 5 in Conjurations
  7451 | D:8      | Reached skill level 5 in Hexes
  7451 | D:8      | Reached skill level 5 in Summonings
  7451 | D:8      | Reached skill level 5 in Necromancy
  7451 | D:8      | Reached skill level 5 in Translocations
  7451 | D:8      | Reached skill level 5 in Transmutations
  7451 | D:8      | Reached skill level 5 in Fire Magic
  7451 | D:8      | Reached skill level 5 in Ice Magic
  7451 | D:8      | Reached skill level 5 in Air Magic
  7451 | D:8      | Reached skill level 5 in Earth Magic
  7451 | D:8      | Reached skill level 5 in Poison Magic
  7471 | D:8      | Reached **** piety under Trog
  8011 | D:9      | Found a glowing golden altar of the Shining One.
  8073 | D:9      | Found a staircase to the Lair.
  8945 | D:9      | Reached ***** piety under Trog
  8949 | D:9      | Found a staircase to the Orcish Mines.
  9168 | Lair:1   | Entered Level 1 of the Lair of Beasts
  9598 | Lair:1   | Noticed Amaemon
  9611 | Lair:1   | Killed Amaemon
  9674 | Lair:1   | You fall into a shaft and drop 1 floor!
  9958 | Lair:1   | Noticed Harold
  9973 | Lair:1   | Killed Harold
  9974 | Lair:1   | Reached XP level 12. HP: 97/97 MP: 22/22
 10606 | Lair:2   | Noticed a boulder beetle
 10617 | Lair:2   | Killed a boulder beetle
 10866 | Lair:2   | Reached skill level 10 in Fighting
 10866 | Lair:2   | Reached skill level 10 in Axes
 11080 | Lair:2   | Found a staircase to the Snake Pit.
 12320 | Lair:3   | Reached XP level 13. HP: 104/104 MP: 23/25
 12688 | Lair:3   | Found a staircase to the Shoals.
 12921 | Lair:4   | Found a viscous altar of Jiyva.
 12922 | Lair:4   | Found a staircase to the Slime Pits.
 14863 | Lair:5   | Entered Level 5 of the Lair of Beasts
 14986 | Lair:5   | Reached skill level 10 in Armour
 14986 | Lair:5   | Reached skill level 10 in Dodging
 15521 | Lair:5   | Reached XP level 14. HP: 113/113 MP: 25/27
 15796 | Lair:5   | Reached skill level 10 in Invocations
 16876 | Lair:5   | HP: 1/169 [fire dragon (11)]
 17550 | D:6      | Bought a +3 plate armour of willpower for 585 gold pieces
 17561 | D:6      | Upgraded the game from 0.31-a0-672-g7da72447bb to
                  | 0.31-a0-675-g238779eb0a
 17747 | D:11     | Found Cilytzasm's Magic Scroll Emporium.
 17845 | D:11     | Found a frozen archway.
 17878 | IceCv    | Entered an ice cave
 18109 | IceCv    | Identified the +3 scimitar "Pextelelo" {speed, rPois Int-5
                  | Dex+3}
 19333 | D:12     | Found a gate leading to a gauntlet.
 19354 | Gauntlet | Entered a Gauntlet
 19354 | Gauntlet | Found a transporter.
 19354 | Gauntlet | Found a transporter.
 19355 | Gauntlet | Found a transporter.
 19355 | Gauntlet | Found a transporter.
 19358 | Gauntlet | Found a transporter.
 19358 | Gauntlet | Found a transporter.
 19360 | Gauntlet | Found a large runed translucent door.
 19361 | Gauntlet | Found a large runed translucent door.
 19362 | Gauntlet | Found a large runed translucent door.
 19362 | Gauntlet | Found a large runed translucent door.
 19362 | Gauntlet | Found a runed translucent door.
 19362 | Gauntlet | Found a runed translucent door.
 19363 | Gauntlet | Found a large runed translucent door.
 19363 | Gauntlet | Found a large runed translucent door.
 19363 | Gauntlet | Found a large runed translucent door.
 19363 | Gauntlet | Found a large runed translucent door.
 19364 | Gauntlet | Found a large runed translucent door.
 19364 | Gauntlet | Found a large runed translucent door.
 19365 | Gauntlet | Found a large runed translucent door.
 19365 | Gauntlet | Found a large runed translucent door.
 19366 | Gauntlet | Found a runed translucent gate.
 19366 | Gauntlet | Found a runed translucent gate.
 19366 | Gauntlet | Found a runed translucent gate.
 19368 | Gauntlet | Found a transporter.
 19372 | Gauntlet | Found a transporter.
 19382 | Gauntlet | Found a transporter.
 19414 | Gauntlet | Found a large runed translucent door.
 19414 | Gauntlet | Found a large runed translucent door.
 19417 | Gauntlet | Found a large runed translucent door.
 19417 | Gauntlet | Found a large runed translucent door.
 19484 | Gauntlet | Found a transporter.
 19488 | Gauntlet | Found a transporter.
 19498 | Gauntlet | Found a transporter.
 19823 | Gauntlet | Identified the amulet "Emadd" {Fly Regen+ Int+3}
 19908 | Gauntlet | Identified the +3 trident "Zakuyl" {heavy, *Slow rF+
                  | Stlth+}
 20093 | D:12     | Reached XP level 15. HP: 106/120 MP: 28/28
 20633 | D:13     | Reached skill level 10 in Short Blades
 20633 | D:13     | Reached skill level 10 in Long Blades
 20633 | D:13     | Reached skill level 10 in Maces & Flails
 20633 | D:13     | Reached skill level 10 in Polearms
 20633 | D:13     | Reached skill level 10 in Staves
 20633 | D:13     | Reached skill level 10 in Ranged Weapons
 20633 | D:13     | Reached skill level 10 in Throwing
 20633 | D:13     | Reached skill level 10 in Stealth
 20633 | D:13     | Reached skill level 10 in Shields
 20633 | D:13     | Reached skill level 10 in Unarmed Combat
 20633 | D:13     | Reached skill level 10 in Spellcasting
 20633 | D:13     | Reached skill level 10 in Evocations
 21010 | D:13     | Identified the +7 quarterstaff of Putrescence {drain, rN+}
 22187 | D:14     | Found Okovo's Distillery.
 22194 | D:14     | Bought a potion of ambrosia for 128 gold pieces
 22384 | D:14     | Found a gate to the Vaults.
 23253 | D:14     | Gained mutation: You are dopey. (Int -2) [a shining eye]
 23542 | D:15     | Entered Level 15 of the Dungeon
 24423 | D:15     | Found a staircase to the Depths.
 24617 | D:15     | Reached XP level 16. HP: 119/129 MP: 30/30
 24747 | D:15     | Found a hazy altar of Hepliaklqana.
 25422 | Orc:1    | Entered Level 1 of the Orcish Mines
 25942 | Orc:2    | Entered Level 2 of the Orcish Mines
 25951 | Orc:2    | Found Goimy's Distillery.
 26004 | Orc:1    | Reached skill level 10 in Shapeshifting
 26612 | Orc:1    | Received a gift from Trog
 26797 | Orc:2    | Found Janni's Armour Boutique.
 26912 | Orc:2    | Found Amnoaj's Assorted Antiques.
 26913 | Orc:2    | Found Cuvojahe's Magic Scroll Emporium.
 27036 | Orc:2    | Found a staircase to the Elven Halls.
 27535 | Orc:2    | Bought a +1 cloak of preservation for 198 gold pieces
 27548 | Orc:2    | Bought a +2 pair of gloves of strength for 258 gold pieces
 27685 | Snake:1  | Entered Level 1 of the Snake Pit
 28438 | Snake:1  | Received a gift from Trog
 29283 | Snake:1  | Reached XP level 17. HP: 114/136 MP: 29/32
 32184 | Snake:3  | Reached skill level 10 in Conjurations
 32184 | Snake:3  | Reached skill level 10 in Hexes
 32184 | Snake:3  | Reached skill level 10 in Summonings
 32184 | Snake:3  | Reached skill level 10 in Necromancy
 32184 | Snake:3  | Reached skill level 10 in Translocations
 32184 | Snake:3  | Reached skill level 10 in Transmutations
 32184 | Snake:3  | Reached skill level 10 in Fire Magic
 32184 | Snake:3  | Reached skill level 10 in Ice Magic
 32184 | Snake:3  | Reached skill level 10 in Air Magic
 32184 | Snake:3  | Reached skill level 10 in Earth Magic
 32184 | Snake:3  | Reached skill level 10 in Poison Magic
 32334 | Snake:3  | Found Rofrar's Magic Scroll Boutique.
 32342 | Snake:3  | Bought a scroll of acquirement for 728 gold pieces
 32343 | Snake:3  | Acquired a manual of Maces & Flails
 32615 | Snake:3  | Noticed Donald
 32627 | Snake:3  | Killed Donald
 33151 | Snake:3  | Found Wuapyufa's CLEARANCE SALE!.
 33158 | Snake:3  | Bought a sack of spiders for 160 gold pieces
 33158 | Snake:3  | Bought a scroll of immolation for 16 gold pieces
 33322 | Snake:4  | Entered Level 4 of the Snake Pit
 33907 | Snake:4  | Received a gift from Trog
 34851 | Snake:4  | Reached XP level 18. HP: 145/145 MP: 34/34
 35101 | Snake:4  | Noticed Vashnia
 35121 | Snake:4  | Killed Vashnia
 35489 | Snake:4  | Got a serpentine rune of Zot
 35803 | D:11     | Bought a scroll of brand weapon for 142 gold pieces
 35967 | D:6      | Bought a scroll of enchant weapon for 90 gold pieces
 36379 | Lair:3   | Upgraded the game from 0.31-a0-675-g238779eb0a to
                  | 0.31-a0-691-g409c26aa35
 36380 | Shoals:1 | Entered Level 1 of the Shoals
 36693 | Shoals:1 | Noticed Kirke
 36704 | Shoals:1 | Killed Kirke
 37262 | Shoals:2 | Noticed Polyphemus
 37374 | Shoals:2 | Noticed Jorgrun
 37386 | Shoals:1 | Killed Jorgrun
 37466 | Shoals:2 | Killed Polyphemus
 37773 | Shoals:2 | Noticed Mlioglotl
 37791 | Shoals:2 | Killed Mlioglotl
 38914 | Shoals:3 | Received a gift from Trog
 39161 | Shoals:3 | Noticed Mara
 39167 | Shoals:3 | Noticed jejorda2's illusion
 39184 | Shoals:3 | Noticed jejorda2's illusion
 39188 | Shoals:3 | Killed Mara
 39507 | Shoals:3 | Found the +10 Black Knight's barding {ponderous, rPois rN+}
 39685 | Shoals:3 | Acquired 1123 gold pieces
 39687 | Shoals:3 | Acquired the +2 pair of slick slippers {slick, slippery,
                  | EV+4}
 39687 | Shoals:3 | Found the +2 pair of slick slippers {slick, slippery, EV+4}
 39979 | Shoals:4 | Entered Level 4 of the Shoals
 40019 | Shoals:4 | Found Mychy's Antique Weapon Shop.
 40321 | Shoals:4 | Reached XP level 19. HP: 152/153 MP: 36/36
 41052 | Shoals:4 | Noticed Roxanne
 41087 | Shoals:4 | Killed Roxanne
 41696 | Shoals:4 | Noticed Aizul
 41715 | Shoals:4 | Killed Aizul
 42447 | Shoals:4 | Got a barnacled rune of Zot
 42593 | Shoals:4 | Identified the +1 robe of Privacy {Int+3 Archmagi}
 43107 | Vaults:1 | Entered Level 1 of the Vaults
 43107 | Vaults:1 | Noticed Norris
 43123 | Vaults:1 | Killed Norris
 43668 | Vaults:1 | Received a gift from Trog
 43681 | Vaults:1 | Reached skill level 15 in Dodging
 44327 | Vaults:1 | Reached skill level 15 in Maces & Flails
 44364 | Vaults:1 | Found a runed translucent gate.
 44365 | Vaults:1 | Found a runed translucent gate.
 44365 | Vaults:1 | Found a runed translucent gate.
 44365 | Vaults:1 | Noticed Yptir's ghost (adept AtFE)
 44924 | Vaults:1 | Identified the +2 robe of the Desolation of Salt {rF- rC+
                  | Int+4}
 45584 | Vaults:2 | Reached skill level 15 in Fighting
 45584 | Vaults:2 | Reached skill level 15 in Axes
 45658 | Vaults:2 | Received a gift from Trog
 45681 | Vaults:2 | Reached XP level 20. HP: 128/162 MP: 37/37
 45799 | Vaults:2 | Paralysed by a sphinx for 2 turns
 46040 | Vaults:2 | Noticed Margery
 46067 | Vaults:2 | Reached skill level 15 in Invocations
 46070 | Vaults:2 | Killed Margery
 48743 | Vaults:3 | Received a gift from Trog
 49137 | Vaults:3 | Found a staircase to the Crypt.
 49918 | Vaults:3 | Reached skill level 15 in Armour
 50239 | Vaults:3 | Reached XP level 21. HP: 169/169 MP: 39/39
 50410 | Vaults:3 | Found a portal to a secret trove of treasure.
 50439 | Trove    | Entered a treasure trove
 50443 | Trove    | Identified the +1 lajatang of Fragile Peace {speed, Fragile
                  | Fly Int+6 Stlth+}
 50447 | Trove    | Identified the +6 longbow of the Conjuring Shrike {freeze,
                  | *Slow +Blink Int+3}
 50458 | Trove    | Identified the +5 mace of Rinayrap {heavy, rN+ MP+9 Stlth+}
 50459 | Trove    | Identified the +5 glaive "Vinenkoz" {heavy, rN++ Int+5
                  | Dex-4}
 50460 | Trove    | Identified the +2 rapier "Ultimatum" {drain, rElec rC+ rN+}
 51228 | Vaults:4 | Reached * piety under Trog
 52668 | Vaults:4 | Noticed RepHenryClay's ghost (adept GnBr)
 52672 | Vaults:4 | Found a transporter.
 52691 | Vaults:4 | Found a transporter.
 52716 | Vaults:4 | Noticed a dread lich
 53419 | Elf:1    | Entered Level 1 of the Elven Halls
 53797 | Elf:1    | Paralysed by an air elemental for 1 turns
 53800 | Elf:1    | Paralysed by an air elemental for 1 turns
 54173 | Elf:1    | Killed from afar by a Brimstone Fiend

Illustrated notes

Levels and vault maps discovered:
D:1:      matt_arrival_refuge, layout_loops_ring,
          hellmonk_ecumenical_altar_dog_temple
D:2:      layout_rooms, serial_aquarium, aquarium_bridge_long_joined
          [aquarium_subvault_bridge, aquarium_subvault_bridge,
          aquarium_subvault_window, aquarium_subvault_window,
          aquarium_subvault_wall, aquarium_subvault_bridge], aquarium_window_1,
          aquarium_window_2, aquarium_window_corridor_3, aquarium_view_2b,
          aquarium_pool_split, hangedman_decor_points
D:3:      layout_rooms, st_stairs_3, chequers_avenue, hex_medium
D:4:      layout_loops_ring, hangedman_abyss_or_decor_slice,
          minmay_mini_ossuary, uniq_crazy_yiuf_cottage, uniq_pikel
D:5:      layout_basic, serial_rivers, chequers_serial_rivers_marsh,
          chequers_serial_rivers_small_3, chequers_serial_rivers_micro_b,
          chequers_serial_rivers_small_3, chequers_mini_garden
D:6:      layout_rooms, temple_statues, serial_shops, shop, shop, shop,
          nicolae_shop_advertising_works [nicolae_subvault_shop_adworks],
          nicolae_shop_real_fake_doors, minmay_splitting_lines, uniq_edmund
D:7:      layout_basic, nemelex_dance_club_becter, mainiacjoe_overflow_swirl,
          enter_ossuary_4, minivault_14
D:8:      layout_rooms
D:9:      statuecave_lemuel, layout_irregular_city,
          mainiacjoe_overflow_brackets, lair_entry_dummy, erik_orc_1
D:10:     nicolae_cairo_tiling_large, layout_irregular_city, serial_bayou,
          serial_bayou_pond_e, serial_bayou_pond_e, serial_bayou_pond_e,
          serial_bayou_pond_e, minmay_misc_feat_cross, minmay_misc_feat_rugged,
          kennysheep_potato
D:11:     layout_basic, portal_ice_cave_rime, serial_shops, shop,
          nicolae_concentric_dashed_squares_mild, nicolae_figureground_pulse
D:12:     layout_roguey, gauntlet_entry_generic
D:13:     layout_cave_pools, kennysheep_nub
D:14:     layout_basic, skrybe_vaults_entry_preservation, serial_shops, shop,
          minmay_misc_feat_five, minivault_22
D:15:     hangedman_depths_entry_civil_slaughter, layout_small_grid,
          abandoned_shop, nicolae_hepliaklqana_monster_ancestors
Lair:1:   layout_gridlike, cheibrodos_lair_reptile_den, uniq_amaemon,
          uniq_harold
Lair:2:   wander_river, layout_long_grid, nicolae_snake_entry_squirm,
          hibernation_bobbens, serial_bayou_shore_b, infiniplex_staircase_pool_2
Lair:3:   layout_long_grid, elwin_shoals_entry_rooms
Lair:4:   layout_loops_ring, slime_entry_1, minmay_hedge_maze, st_stairs_4,
          ice2_lemuel
Lair:5:   hangedman_lair_in_review, layout_regular_city,
          guppyfry_lair_end_dragon, serial_bayou_pond_b,
          nicolae_quartered_pool_little, lemuel_fruit_tree
Shoals:1: layout_shoals, uniq_kirke
Shoals:2: layout_shoals, overgrown_hall, uniq_mlioglotl, uniq_polyphemus,
          uniq_jorgrun
Shoals:3: layout_shoals, nicolae_shoals_isolated_beach, uniq_mara
Shoals:4: shoals_end_hangedman, layout_shoals, serial_shops, shop, uniq_aizul,
          uniq_roxanne
Snake:1:  layout_cave_shapes, nicolae_snake_herptile_family_reunion,
          nicolae_triple_integral
Snake:2:  layout_basic
Snake:3:  layout_concentric_octagons, serial_shops, shop,
          nicolae_shop_clearance, uniq_donald
Snake:4:  grunt_snake_rune_serpentine_throne, layout_gridlike
Orc:1:    layout_caves
Orc:2:    st_orc_open, layout_caves
Elf:1:    minmay_elf_arrival_summoners, layout_geoelf_grid, basic_altar,
          minmay_elf_demonology, serial_sigils_hangedman_leer,
          dreamdust_mushroom_princess, grunt_ministairs_1, nicolae_elf_w_pinch,
          st_stairs_11
Vaults:1: gammafunk_ghost_split, nicolae_vaults_alarming,
          nicolae_vaults_network_quincunx
          [nicolae_vaults_network_quincunx_subvault,
          nicolae_vaults_network_quincunx_subvault,
          nicolae_vaults_network_quincunx_subvault,
          nicolae_vaults_network_quincunx_subvault,
          nicolae_vaults_network_quincunx_subvault], v_misc_4,
          hangedman_vaults_slice, ontoclasm_vaults_ligature,
          nicolae_vaults_offset_grid_hallway_2, ontoclasm_vaults_loading_screen,
          vaults_room_large_hall, nicolae_vaults_house_1,
          nicolae_vaults_yaktaur_gun_rack, nicolae_vaults_little_squares_2,
          nicolae_vaults_tetromino_Z_1, grunt_vaults_hallway_long,
          vaults_dpeg_encased_lava, layout_vaults_omnicross, uniq_norris
Vaults:2: grunt_vaults_twisty, v_alt_pattern_5, v_misc_27,
          nicolae_vaults_tangram_1, nicolae_vaults_windows_and_doors_thing,
          nicolae_vaults_circle_grid_b, ontoclasm_vaults_shuriken, v_misc_10,
          ontoclasm_vaults_ring_large, v_misc_30, nicolae_vaults_rhombus_5,
          grunt_vaults_bifocal, nicolae_vaults_little_ls,
          nicolae_vaults_apartment_1, nicolae_vaults_display_case,
          layout_vaults_omnibox, uniq_margery
Vaults:3: v_rooms_4, nicolae_vaults_trapezoid_lopsided_1,
          hangedman_vaults_nails, hangedman_vaults_stream,
          minmay_crypt_entry_nasty_monster, ontoclasm_vaults_bender,
          nicolae_vaults_double_plus_2, nicolae_vaults_tetromino_T_2,
          nicolae_vaults_tetromino_L_1, layout_vaults_quadrants, enter_trove_5
Vaults:4: gammafunk_ghost_mausoleum, nicolae_vaults_angled_halls,
          vaults_mumra_chevron, grunt_vaults_diagonal,
          nicolae_vaults_closet_pinwheel_1, hangedman_vaults_cutoff,
          nicolae_vaults_tetromino_T_1, vaults_dpeg_spiral, serial_ice_h,
          nicolae_vaults_diamond_1, layout_vaults_big_room

Skill      XL: |  1  2  3  4  5  6  7  8  9 10 11 12 13 14 15 16 17 18 19 20 21 |
---------------+----------------------------------------------------------------+-----
Invocations    | 1 2 3 4 5 6 7 8 9 10 11 12 13 14 15 16 | 16.0
Short Blades   | 1 2 3 4 5 7 8 9 10 11 12 13 14 | 14.8
Long Blades    | 1 2 3 4 5 7 8 9 10 11 12 13 14 | 14.8
Maces & Flails | 1 2 3 4 5 7 8 9 10 11 12 14 15 16 17 | 17.2
Polearms       | 1 2 3 4 5 7 8 9 10 11 12 13 14 | 14.8
Staves         | 1 2 3 4 5 7 8 9 10 11 12 13 14 | 14.8
Ranged Weapons | 1 2 3 4 5 7 8 9 10 11 12 13 14 | 14.8
Throwing       | 1 2 3 4 5 7 8 9 10 11 12 13 14 | 14.8
Stealth        | 1 2 3 4 5 7 8 9 10 11 12 13 14 | 14.8
Shields        | 1 2 3 4 5 7 8 9 10 11 12 13 14 | 14.8
Unarmed Combat | 1 2 3 4 5 7 8 9 10 11 12 13 14 | 14.8
Spellcasting   | 1 2 3 4 5 7 8 9 10 11 12 13 14 | 14.8
Evocations     | 1 2 3 4 5 7 8 9 10 11 12 13 14 | 14.8
Shapeshifting  | 1 2 3 4 5 6 7 8 9 10 11 12 13 | 13.6
Conjurations   | 1 2 3 4 5 6 7 8 9 10 11 12 | 12.6
Hexes          | 1 2 3 4 5 6 7 8 9 10 11 12 | 12.6
Summonings     | 1 2 3 4 5 6 7 8 9 10 11 12 | 12.6
Necromancy     | 1 2 3 4 5 6 7 8 9 10 11 12 | 12.6
Translocations | 1 2 3 4 5 6 7 8 9 10 11 12 | 12.6
Transmutations | 1 2 3 4 5 6 7 8 9 10 11 12 | 12.6
Fire Magic     | 1 2 3 4 5 6 7 8 9 10 11 12 | 12.6
Ice Magic      | 1 2 3 4 5 6 7 8 9 10 11 12 | 12.6
Air Magic      | 1 2 3 4 5 6 7 8 9 10 11 12 | 12.6
Earth Magic    | 1 2 3 4 5 6 7 8 9 10 11 12 | 12.6
Poison Magic   | 1 2 3 4 5 6 7 8 9 10 11 12 | 12.6
Armour         | 5 6 7 8 9 10 11 12 13 14 15 | 15.4
Dodging        | 5 6 7 8 9 10 11 12 13 14 15 16 17 | 17.3
Fighting       | 7 8 9 10 11 12 13 14 15 16 | 16.0
Axes           | 7 8 9 10 11 12 13 14 15 16 | 16.0

Action                     |  1- 3 |  4- 6 |  7- 9 | 10-12 | 13-15 | 16-18 | 19-21 || total
---------------------------+-------+-------+-------+-------+-------+-------+-------++-------
  Melee: Battleaxe         |    73 |    63 |   206 |   280 |   557 |       |       ||  1179
         Bite              |     7 |     6 |    16 |    51 |   147 |   207 |   264 ||   698
         Shillelagh        |       |       |       |   103 |   150 |   319 |   385 ||   957
         Demon whip        |       |       |       |    87 |   154 |   567 |   996 ||  1804
         Punch             |       |       |       |    11 |    19 |       |       ||    30
         Broad axe         |       |       |       |       |       |   333 |    31 ||   364
         War axe           |       |       |       |       |       |    31 |       ||    31
  Throw: Javelin           |       |       |     4 |     7 |     3 |     9 |       ||    23
         Boomerang         |       |       |       |    11 |     6 |    49 |    17 ||    83
         Dart              |       |       |       |       |     2 |       |       ||     2
 Invoke: Berserk           |     1 |     2 |     7 |    18 |    34 |    30 |    16 ||   108
         Trog's Hand       |       |     1 |     3 |     7 |    14 |    17 |     9 ||    51
         Brothers in Arms  |       |       |       |       |     2 |     5 |     2 ||     9
  Evoke: Wand              |       |       |       |     6 |     2 |     3 |       ||    11
         Phial of floods   |       |       |       |       |       |     2 |       ||     2
         Sack of spiders   |       |       |       |       |       |       |     3 ||     3
         Condenser vane    |       |       |       |       |       |       |     1 ||     1
    Use: Scroll            |       |       |    14 |    10 |    12 |    15 |     3 ||    54
         Potion            |       |       |       |       |     5 |     5 |     5 ||    15
   Stab: Confused          |       |       |       |       |     1 |       |       ||     1
         Distracted        |       |       |       |       |     1 |       |       ||     1
         Held in net/web   |       |       |       |       |       |     1 |       ||     1
 Armour: Animal skin       |    15 |       |       |       |       |       |       ||    15
         Leather armour    |    20 |       |       |       |       |       |       ||    20
         Chain mail        |    10 |    45 |   210 |   245 |       |       |       ||   510
         Plate armour      |       |       |       |   180 |  1029 |   864 |   723 ||  2796
  Dodge: Dodged            |    55 |    33 |   143 |   204 |   418 |   513 |   489 ||  1855
  Block: Other             |       |       |    55 |   116 |   143 |       |       ||   314
         Reflection        |       |       |     1 |     3 |     6 |    75 |    34 ||   119
         Kite shield       |       |       |       |       |    34 |   746 |   582 ||  1362

Table legend: (Time is in decaauts)
 A = Elapsed time spent in this place.
 B = Non-inter-level travel time spent in this place.
 C = Inter-level travel time spent in this place.
 D = Time resting spent in this place.
 E = Time spent auto-exploring this place.
 F = Levels seen in this place.
 G = Mean time per level.
                   A        B        C        D        E       F      G
               +--------+--------+--------+--------+--------+-----+--------+
         Total |  54311 |  48408 |   5903 |   8885 |  30705 |  39 | 1392.6 |
       Dungeon |  18103 |  15129 |   2974 |   2328 |  10290 |  15 | 1206.9 |
          Lair |   9305 |   8378 |    927 |   2071 |   4974 |   5 | 1861.0 |
        Shoals |   6354 |   6050 |    304 |    752 |   4257 |   4 | 1588.5 |
     Snake Pit |   7774 |   6791 |    983 |   1031 |   4275 |   4 | 1943.5 |
  Orcish Mines |   2282 |   2103 |    179 |    852 |    961 |   2 | 1141.0 |
   Elven Halls |    551 |    551 |      0 |     10 |    363 |   1 |  551.0 |
        Vaults |   8584 |   8050 |    534 |   1356 |   5269 |   4 | 2146.0 |
         Trove |     53 |     53 |      0 |      0 |      3 |   1 |   53.0 |
       Ossuary |    397 |    397 |      0 |     69 |    130 |   1 |  397.0 |
      Ice Cave |    288 |    288 |      0 |    150 |      0 |   1 |  288.0 |
      Gauntlet |    615 |    615 |      0 |    264 |    181 |   1 |  615.0 |
               +--------+--------+--------+--------+--------+-----+--------+

Top non-repeatable levels by time:
 Snake:1: 2725 daAuts
  Lair:5: 2528 daAuts
Vaults:2: 2461 daAuts
    D:14: 2345 daAuts
Vaults:3: 2221 daAuts
Shoals:4: 2176 daAuts
     D:9: 2137 daAuts
  Lair:2: 2039 daAuts
Vaults:1: 2005 daAuts
 Snake:4: 1984 daAuts
Vaults:4: 1896 daAuts
    D:10: 1864 daAuts
  Lair:1: 1658 daAuts
Shoals:3: 1650 daAuts
  Lair:4: 1622 daAuts
